General information
- name: BNet
- type: Ladder team game (AT/RT)
- host: Battle.net
- saver: Jihad.
map: MarketSquare
- players: 8
- length: 34:32
- speed: Fast
- version: 1.26 W3XP
- replay type: Public
» download(233 KB)
Players
team 1 (winner)
rotten_teeth (
blue | 38 APM | 1092 actions | 29:06)
5 Dark Ranger
2 Black Arrow
3 Silence
3 Keeper of the Grove
1 Force of Nature
2 Thorns Aura
» actions
| Assign group hotkey | 12 | |
| Basic commands | 26 | |
| Build / train | 70 | |
| Enter build submenu | 21 | |
| Enter hero's abilities submenu | 8 | |
| Right click | 337 | |
| Select / deselect | 403 | |
| Select group hotkey | 154 | |
| Use ability | 61 | |
1092 total
» units
| Wisp | 33 | |
| Archer | 6 | |
| Hippogryph | 13 | |
| Chimaera | 3 | |
55 total
» upgrades
| Strength of the Wild | 2 | |
| Reinforced Hides | 1 | |
3 total
» buildings
| Moon Well | 7 | |
| Ancient of War | 1 | |
| Altar of Elders | 1 | |
| Hunter's Hall | 1 | |
| Tree of Life | 7 | |
| Tree of Ages | 1 | |
| Tree of Eternity | 1 | |
| Ancient of Wind | 2 | |
| Chimaera Roost | 2 | |
23 total
» build order
00:20 Moon Well
00:36 Ancient of War
00:50 Altar of Elders
01:12 Moon Well
01:57 Moon Well
03:31 Hunter's Hall
04:07 Tree of Life
04:37 Tree of Ages
05:17 Moon Well
07:01 Tree of Eternity
07:05 Ancient of Wind
08:07 Ancient of Wind
08:18 Moon Well
09:29 Chimaera Roost
09:32 Chimaera Roost
10:44 Tree of Life
15:19 Tree of Life
15:47 Moon Well
15:49 Moon Well
21:21 Tree of Life
21:27 Tree of Life
23:18 Tree of Life
24:13 Tree of Life

»
FMLFTW (
pink | 30 APM | 855 actions | 28:57)
6 Archmage
3 Summon Water Elemental
2 Brilliance Aura
1 Mass Teleport
» actions
| Assign group hotkey | 15 | |
| Basic commands | 39 | |
| Build / train | 58 | |
| Enter build submenu | 19 | |
| Enter hero's abilities submenu | 6 | |
| Right click | 246 | |
| Select / deselect | 169 | |
| Select group hotkey | 249 | |
| Use ability | 54 | |
855 total
» units
| Peasant | 12 | |
| Rifleman | 11 | |
| Mortar Team | 9 | |
32 total
» upgrades
| Gunpowder | 3 | |
| Armor | 3 | |
| Long Rifles | 1 | |
| Lumber Harvesting | 1 | |
| Fragmentation Shards | 1 | |
| Flare | 1 | |
10 total
» buildings
| Altar of Kings | 1 | |
| Farm | 11 | |
| Barracks | 1 | |
| Blacksmith | 1 | |
| Lumber Mill | 1 | |
| Arcane Vault | 1 | |
| Keep | 1 | |
| Workshop | 2 | |
| Castle | 1 | |
| Town Hall | 1 | |
21 total
» build order
00:04 Altar of Kings
00:05 Farm
00:47 Farm
01:10 Barracks
01:44 Blacksmith
01:58 Lumber Mill
02:29 Arcane Vault
02:54 Farm
04:16 Keep
04:38 Farm
04:45 Farm
07:01 Workshop
07:02 Workshop
07:14 Farm
07:56 Farm
09:11 Farm
09:12 Farm
09:19 Castle
12:46 Farm
14:26 Farm
19:09 Town Hall
» items
| Scroll of Regeneration | 3 | |
| Scroll of Town Portal | 2 | |
| Potion of Healing | 1 | |
| Lesser Clarity Potion | 1 | |
7 total
Jihad. (
green | 75 APM | 2583 actions | 34:32)
7 Blood Mage
3 Flame Strike
3 Siphon Mana
1 Summon Phoenix
» actions
| Assign group hotkey | 37 | |
| Basic commands | 100 | |
| Build / train | 192 | |
| ESC pressed | 2 | |
| Enter build submenu | 63 | |
| Enter hero's abilities submenu | 7 | |
| Give item / drop item | 4 | |
| Right click | 894 | |
| Select / deselect | 520 | |
| Select group hotkey | 614 | |
| Use ability | 150 | |
2583 total
» units
| Peasant | 24 | |
| Footman | 11 | |
| Knight | 6 | |
| Siege Engine | 7 | |
48 total
» upgrades
| Defend | 1 | |
| Masonry | 3 | |
| Lumber Harvesting | 2 | |
| Swords | 4 | |
| Armor | 4 | |
| Plating | 3 | |
| Gunpowder | 3 | |
| Barrage | 1 | |
| Animal War Training | 1 | |
| Fragmentation Shards | 1 | |
| Flare | 1 | |
| Flak Cannons | 1 | |
| Flying Machine Bombs | 1 | |
| Long Rifles | 1 | |
| Magic Sentry | 1 | |
| Sorceress Training | 2 | |
| Priest Training | 2 | |
| Control Magic | 1 | |
| Cloud | 1 | |
| Storm Hammers | 1 | |
35 total
» buildings
| Altar of Kings | 1 | |
| Barracks | 2 | |
| Farm | 11 | |
| Scout Tower | 26 | |
| Arcane Tower | 5 | |
| Lumber Mill | 1 | |
| Guard Tower | 47 | |
| Town Hall | 3 | |
| Arcane Vault | 2 | |
| Keep | 2 | |
| Blacksmith | 1 | |
| Castle | 3 | |
| Workshop | 3 | |
| Arcane Sanctum | 1 | |
| Gryphon Aviary | 2 | |
110 total
» build order
00:13 Altar of Kings
00:20 Barracks
00:27 Farm
00:32 Farm
01:11 Farm
01:35 Scout Tower
01:52 Farm
02:13 Arcane Tower
02:13 Arcane Tower
02:58 Lumber Mill
03:38 Scout Tower
03:40 Scout Tower
03:42 Scout Tower
04:01 Scout Tower
04:12 Arcane Tower
04:12 Arcane Tower
04:33 Guard Tower
04:35 Scout Tower
04:49 Farm
04:52 Farm
05:02 Guard Tower
05:03 Guard Tower
05:53 Town Hall
07:19 Arcane Vault
07:21 Keep
07:32 Scout Tower
07:33 Scout Tower
07:35 Scout Tower
07:38 Scout Tower
08:05 Farm
08:17 Guard Tower
08:18 Guard Tower
08:18 Guard Tower
08:19 Guard Tower
08:20 Guard Tower
08:20 Guard Tower
08:34 Blacksmith
09:38 Scout Tower
09:41 Scout Tower
09:44 Scout Tower
09:49 Castle
09:49 Castle
10:19 Guard Tower
10:19 Guard Tower
10:31 Workshop
10:33 Workshop
11:20 Workshop
12:11 Guard Tower
12:11 Guard Tower
12:12 Guard Tower
12:18 Guard Tower
12:19 Guard Tower
12:22 Farm
12:23 Farm
12:50 Barracks
12:56 Scout Tower
13:32 Guard Tower
13:32 Guard Tower
14:16 Scout Tower
14:21 Scout Tower
14:52 Guard Tower
14:52 Guard Tower
14:55 Guard Tower
19:20 Farm
19:22 Farm
20:46 Scout Tower
20:48 Scout Tower
20:49 Scout Tower
20:50 Scout Tower
20:53 Scout Tower
21:20 Guard Tower
21:27 Guard Tower
21:27 Guard Tower
21:30 Guard Tower
21:31 Guard Tower
22:08 Guard Tower
22:08 Guard Tower
23:51 Town Hall
23:55 Scout Tower
23:56 Scout Tower
23:59 Scout Tower
24:00 Scout Tower
24:20 Guard Tower
24:21 Guard Tower
24:23 Guard Tower
24:23 Guard Tower
24:29 Guard Tower
24:44 Arcane Sanctum
24:48 Scout Tower
25:44 Arcane Vault
25:51 Guard Tower
30:07 Gryphon Aviary
30:09 Gryphon Aviary
34:25 Town Hall
» items
| Staff of Teleportation | 1 | |
| Boots of Speed | 1 | |
| Potion of Invisibility | 3 | |
| Lesser Clarity Potion | 4 | |
| Scroll of Regeneration | 4 | |
| Scroll of Town Portal | 1 | |
| Ivory Tower | 3 | |
| Potion of Lesser Invulnerability | 1 | |
| Periapt of Vitality | 1 | |
| Potion of Mana | 1 | |
| Potion of Healing | 2 | |
22 total
airsilly (
yellow | 36 APM | 801 actions | 22:08)
4 Dark Ranger
2 Black Arrow
2 Silence
» actions
| Basic commands | 5 | |
| Build / train | 53 | |
| Enter build submenu | 23 | |
| Enter hero's abilities submenu | 4 | |
| Remove unit from queue | 1 | |
| Right click | 358 | |
| Select / deselect | 289 | |
| Use ability | 68 | |
801 total
» units
| Wisp | 22 | |
| Archer | 5 | |
| Druid of the Claw | 10 | |
37 total
» upgrades
| Druid of the Claw Training | 2 | |
| Vorpal Blades | 1 | |
| Mark of the Claw | 1 | |
| Strength of the Wild | 1 | |
| Reinforced Hides | 1 | |
| Nature's Blessing | 1 | |
7 total
» buildings
| Moon Well | 7 | |
| Altar of Elders | 1 | |
| Ancient of War | 1 | |
| Hunter's Hall | 1 | |
| Ancient Protector | 7 | |
| Tree of Ages | 1 | |
| Tree of Life | 1 | |
| Ancient of Lore | 2 | |
| Tree of Eternity | 1 | |
22 total
» build order
00:10 Moon Well
00:13 Altar of Elders
01:02 Ancient of War
01:41 Moon Well
02:51 Hunter's Hall
04:39 Ancient Protector
04:41 Tree of Ages
04:45 Ancient Protector
05:36 Moon Well
05:49 Tree of Life
06:01 Ancient Protector
06:59 Moon Well
07:57 Ancient of Lore
08:01 Ancient of Lore
08:09 Ancient Protector
08:13 Ancient Protector
09:53 Moon Well
10:22 Ancient Protector
10:45 Tree of Eternity
11:05 Moon Well
12:31 Moon Well
12:48 Ancient Protector
» items
team 2 (loser)
IlIIlllIlIlllIl (
red | 36 APM | 1250 actions | 34:31)
5 Archmage
1 Summon Water Elemental
3 Brilliance Aura
1 Blizzard
2 Mountain King
1 Storm Bolt
1 Thunder Clap
» actions
| Assign group hotkey | 44 | |
| Basic commands | 142 | |
| Build / train | 137 | |
| ESC pressed | 6 | |
| Enter build submenu | 43 | |
| Enter hero's abilities submenu | 7 | |
| Give item / drop item | 3 | |
| Right click | 228 | |
| Select / deselect | 372 | |
| Select group hotkey | 172 | |
| Use ability | 95 | |
1250 total
» units
| Peasant | 53 | |
| Rifleman | 7 | |
| Mortar Team | 5 | |
| Knight | 6 | |
| Siege Engine | 2 | |
| Sorceress | 1 | |
| Priest | 1 | |
75 total
» upgrades
| Masonry | 3 | |
| Gunpowder | 2 | |
| Armor | 3 | |
| Swords | 2 | |
| Plating | 3 | |
| Lumber Harvesting | 2 | |
| Fragmentation Shards | 1 | |
| Barrage | 1 | |
| Priest Training | 2 | |
| Sorceress Training | 1 | |
| Long Rifles | 1 | |
| Animal War Training | 1 | |
22 total
» buildings
| Altar of Kings | 1 | |
| Farm | 17 | |
| Lumber Mill | 3 | |
| Arcane Vault | 2 | |
| Scout Tower | 15 | |
| Guard Tower | 8 | |
| Town Hall | 4 | |
| Blacksmith | 1 | |
| Barracks | 2 | |
| Keep | 2 | |
| Arcane Tower | 5 | |
| Castle | 1 | |
| Workshop | 1 | |
| Arcane Sanctum | 1 | |
63 total
» build order
00:21 Altar of Kings
00:37 Farm
00:38 Farm
00:52 Lumber Mill
01:26 Arcane Vault
01:31 Farm
01:32 Farm
01:54 Scout Tower
02:23 Guard Tower
03:47 Town Hall
03:54 Blacksmith
04:02 Farm
04:09 Farm
04:39 Barracks
04:43 Scout Tower
05:09 Scout Tower
05:13 Guard Tower
05:15 Scout Tower
05:24 Keep
05:41 Scout Tower
05:43 Arcane Tower
05:46 Guard Tower
06:05 Barracks
06:18 Guard Tower
07:09 Scout Tower
07:14 Scout Tower
07:39 Guard Tower
07:45 Guard Tower
07:51 Lumber Mill
08:17 Castle
09:38 Workshop
11:08 Scout Tower
11:15 Scout Tower
11:58 Arcane Tower
12:24 Scout Tower
12:48 Farm
12:48 Farm
12:50 Farm
12:52 Arcane Tower
12:59 Scout Tower
13:43 Guard Tower
13:58 Arcane Sanctum
14:05 Farm
14:06 Farm
17:03 Scout Tower
17:33 Arcane Tower
17:36 Scout Tower
18:22 Town Hall
18:31 Guard Tower
20:56 Farm
20:57 Farm
20:58 Farm
21:08 Farm
21:58 Scout Tower
22:54 Town Hall
23:54 Scout Tower
24:26 Lumber Mill
24:32 Town Hall
24:45 Arcane Tower
24:49 Farm
24:51 Farm
25:31 Keep
25:36 Arcane Vault
» items
| Scroll of Regeneration | 5 | |
| Scroll of Town Portal | 3 | |
| Potion of Healing | 3 | |
| Periapt of Vitality | 1 | |
| Potion of Lesser Invulnerability | 2 | |
14 total

»
AnneTheTool (
purple | 62 APM | 2147 actions | 34:31)
5 Demon Hunter
2 Immolation
2 Evasion
1 Mana Burn
2 Warden
1 Shadow Strike
1 Blink
» actions
| Assign group hotkey | 34 | |
| Build / train | 60 | |
| Enter build submenu | 13 | |
| Enter hero's abilities submenu | 7 | |
| Right click | 923 | |
| Select / deselect | 502 | |
| Select group hotkey | 544 | |
| Use ability | 63 | |
2147 total
» units
| Wisp | 10 | |
| Archer | 19 | |
| Hippogryph | 10 | |
39 total
» upgrades
| Improved Bows | 1 | |
| Hippogryph Taming | 1 | |
| Ultravision | 1 | |
| Strength of the Wild | 2 | |
| Reinforced Hides | 2 | |
7 total
» buildings
| Moon Well | 6 | |
| Altar of Elders | 1 | |
| Ancient of War | 1 | |
| Ancient of Wonders | 1 | |
| Tree of Ages | 1 | |
| Hunter's Hall | 2 | |
| Ancient of Wind | 2 | |
14 total
» build order
00:11 Moon Well
00:15 Altar of Elders
00:34 Ancient of War
01:36 Moon Well
01:49 Ancient of Wonders
02:13 Moon Well
03:20 Tree of Ages
03:53 Hunter's Hall
03:58 Hunter's Hall
04:59 Moon Well
06:04 Ancient of Wind
06:55 Ancient of Wind
08:16 Moon Well
10:20 Moon Well
» items
| Scroll of Town Portal | 2 | |
| Moonstone | 1 | |
3 total
AllahsChosen (
teal | 114 APM | 3924 actions | 34:31)
9 Archmage
3 Summon Water Elemental
3 Brilliance Aura
1 Mass Teleport
2 Blizzard
» actions
| Assign group hotkey | 303 | |
| Basic commands | 236 | |
| Build / train | 70 | |
| Enter build submenu | 38 | |
| Enter hero's abilities submenu | 9 | |
| Remove unit from queue | 1 | |
| Right click | 1307 | |
| Select / deselect | 384 | |
| Select group hotkey | 1459 | |
| Use ability | 117 | |
3924 total
» units
| Peasant | 13 | |
| Footman | 6 | |
| Gryphon Rider | 3 | |
| Dragonhawk Rider | 3 | |
25 total
» upgrades
| Lumber Harvesting | 2 | |
| Swords | 3 | |
| Armor | 3 | |
| Masonry | 3 | |
| Animal War Training | 1 | |
| Storm Hammers | 1 | |
| Cloud | 1 | |
| Gunpowder | 1 | |
| Plating | 1 | |
| Magic Sentry | 1 | |
| Sorceress Training | 1 | |
| Priest Training | 1 | |
| Control Magic | 1 | |
20 total
» buildings
| Altar of Kings | 1 | |
| Barracks | 2 | |
| Farm | 10 | |
| Scout Tower | 16 | |
| Arcane Tower | 1 | |
| Arcane Vault | 1 | |
| Keep | 1 | |
| Lumber Mill | 1 | |
| Guard Tower | 4 | |
| Town Hall | 2 | |
| Castle | 1 | |
| Gryphon Aviary | 4 | |
| Blacksmith | 2 | |
| Arcane Sanctum | 1 | |
47 total
» build order
00:54 Altar of Kings
00:57 Barracks
01:03 Barracks
01:06 Farm
01:08 Farm
01:10 Farm
02:19 Scout Tower
02:24 Farm
03:00 Arcane Tower
03:51 Arcane Vault
03:54 Keep
04:36 Lumber Mill
05:15 Scout Tower
05:18 Scout Tower
05:21 Scout Tower
05:55 Guard Tower
06:10 Town Hall
06:15 Scout Tower
06:17 Scout Tower
06:18 Scout Tower
06:20 Scout Tower
07:21 Castle
07:24 Guard Tower
07:28 Guard Tower
08:18 Gryphon Aviary
08:19 Gryphon Aviary
08:19 Gryphon Aviary
09:03 Gryphon Aviary
09:35 Blacksmith
09:36 Blacksmith
11:28 Farm
11:30 Farm
11:33 Farm
11:34 Farm
13:32 Arcane Sanctum
15:35 Farm
15:39 Farm
19:27 Scout Tower
19:27 Scout Tower
19:28 Scout Tower
19:30 Town Hall
19:31 Scout Tower
19:33 Scout Tower
19:33 Scout Tower
19:34 Scout Tower
19:34 Scout Tower
20:58 Guard Tower
» items
| Scroll of Regeneration | 4 | |
| Scroll of Town Portal | 1 | |
| Potion of Healing | 1 | |
| Periapt of Vitality | 1 | |
7 total
PEE-WEE-HERMAN (
orange | 71 APM | 2435 actions | 34:31)
5 Mountain King
3 Storm Bolt
1 Bash
1 Avatar
» actions
| Assign group hotkey | 41 | |
| Basic commands | 92 | |
| Build / train | 101 | |
| Enter build submenu | 22 | |
| Enter hero's abilities submenu | 5 | |
| Give item / drop item | 6 | |
| Remove unit from queue | 1 | |
| Right click | 981 | |
| Select / deselect | 215 | |
| Select group hotkey | 898 | |
| Use ability | 73 | |
2435 total
» units
| Peasant | 18 | |
| Footman | 6 | |
| Flying Machine | 14 | |
| Mortar Team | 2 | |
40 total
» upgrades
| Masonry | 3 | |
| Lumber Harvesting | 2 | |
| Plating | 4 | |
| Gunpowder | 3 | |
| Flak Cannons | 1 | |
| Flying Machine Bombs | 1 | |
| Barrage | 1 | |
| Flare | 1 | |
16 total
» buildings
| Altar of Kings | 1 | |
| Barracks | 1 | |
| Farm | 10 | |
| Scout Tower | 19 | |
| Arcane Vault | 1 | |
| Arcane Tower | 2 | |
| Keep | 2 | |
| Lumber Mill | 2 | |
| Blacksmith | 1 | |
| Guard Tower | 11 | |
| Castle | 2 | |
| Workshop | 4 | |
| Town Hall | 1 | |
57 total
» build order
00:22 Altar of Kings
00:37 Barracks
00:59 Farm
01:06 Farm
01:47 Farm
01:53 Scout Tower
02:06 Arcane Vault
02:32 Arcane Tower
02:41 Farm
03:47 Keep
04:08 Lumber Mill
04:58 Blacksmith
05:15 Scout Tower
05:15 Scout Tower
05:16 Scout Tower
05:17 Scout Tower
05:17 Scout Tower
05:18 Scout Tower
06:11 Guard Tower
06:11 Guard Tower
07:06 Guard Tower
07:11 Castle
07:11 Castle
07:32 Workshop
08:42 Town Hall
08:44 Scout Tower
08:45 Scout Tower
09:03 Workshop
09:35 Workshop
09:42 Farm
09:42 Farm
09:42 Farm
09:43 Farm
09:43 Farm
09:43 Farm
10:42 Guard Tower
12:27 Scout Tower
12:27 Scout Tower
12:27 Scout Tower
12:28 Scout Tower
13:01 Guard Tower
13:01 Guard Tower
15:53 Workshop
16:11 Lumber Mill
16:51 Scout Tower
16:51 Scout Tower
16:52 Scout Tower
16:53 Scout Tower
18:28 Guard Tower
18:28 Guard Tower
» items
| Scroll of Regeneration | 3 | |
| Potion of Mana | 1 | |
| Potion of Invisibility | 3 | |
| Staff of Teleportation | 1 | |
| Potion of Lesser Invulnerability | 2 | |
| Scroll of Town Portal | 1 | |
11 total
Chat log
(00:14 / All) rotten_teeth: is red afk?
(00:28 / All) AnneTheTool: scout duh!
(00:29 / All) AllahsChosen: no
(00:37 / Allies) rotten_teeth: lol
(00:38 / All) AllahsChosen: ... how did you know bro
(00:42 / All) rotten_teeth: ill check
(00:49 / All) AllahsChosen: everyone report blue after game
(00:50 / All) AnneTheTool: fucking hacker!
(00:53 / All) AnneTheTool: gtfo
(00:55 / All) rotten_teeth: he cost me last game
(01:11 / All) AnneTheTool: oh sorry to hear
(01:40 / Allies) rotten_teeth: chims hippos
(01:47 / Allies) airsilly: bearsss
(03:22 / Allies) Jihad.: wood
(03:35 / Allies) Jihad.: wood
(03:54 / Allies) Jihad.: wood
(04:10 / All) AllahsChosen: pink are you retarded
(04:11 / Allies) Jihad.: wood or we lose, I need my expo
(04:28 / Allies) Jihad.: 500 wood faggot
(04:28 / All) AllahsChosen: why would you go that far away from your base
(04:30 / Allies) Jihad.: hand some over
(04:31 / All) AllahsChosen: to harass level 1
(04:41 / Allies) FMLFTW: cause i dont care
(04:47 / All) AllahsChosen: you're skilled
(04:53 / Allies) FMLFTW: i dont care
(05:16 / Allies) Jihad.: oh you'll care
(05:21 / Allies) Jihad.: just wait and see
(05:30 / Allies) FMLFTW: tk me i dont care
(05:36 / Allies) Jihad.: it'll be more than that
(05:42 / Allies) Jihad.: I could make you care
(06:32 / All) AllahsChosen: maphacker
(08:46 / Allies) Jihad.: it can die, you should have gave me wood lumber hoarder yellow
(08:58 / Allies) rotten_teeth: gg faggots
(09:16 / All) Jihad.: sup red
(09:19 / All) Jihad.: close but no cigar
(13:18 / Allies) airsilly: wood pls
(13:22 / All) PEE-WEE-HERMAN: oh baby baby how was i supposed to know
(13:25 / Allies) Jihad.: tp
(13:26 / All) PEE-WEE-HERMAN: that SOMETHING wawsn't right
(13:34 / Allies) Jihad.: tp or we lose
(13:43 / Allies) rotten_teeth: we lose already
(13:45 / Allies) rotten_teeth: coz of u
(13:46 / Allies) Jihad.: not yet
(14:10 / Allies) FMLFTW: attack?
(14:58 / All) Jihad.: sup purple
(15:00 / All) Jihad.: 1 unit blind countered your shit
(15:01 / All) Jihad.: ne so predictible
(15:02 / All) Jihad.: and bad
(15:18 / All) Jihad.: out
(15:21 / All) Jihad.: get the fuck back to your base
(15:22 / All) Jihad.: scrub
(15:39 / All) Jihad.: sup red
(16:04 / All) Jihad.: sup
(16:07 / All) Jihad.: go back to your base
(16:16 / All) Jihad.: free mortar tyvm
(16:36 / All) Jihad.: get fucked
(16:43 / All) Jihad.: so bad
(16:53 / All) Jihad.: nice moon wells
(17:03 / All) Jihad.: sup
(17:05 / All) Jihad.: so get out
(17:05 / All) Jihad.: you can find altqq now
(17:06 / All) Jihad.: kk?
(18:15 / Allies) rotten_teeth: lead'
(18:18 / All) Jihad.: sup faggot
(18:21 / All) Jihad.: you can leave now red
(18:48 / All) Jihad.: so bad, it's something to be proud of
(19:05 / All) Jihad.: how does it feel to be forever 20%?
(19:24 / Allies) airsilly: tp?
(19:29 / Allies) rotten_teeth: no
(19:38 / Allies) Jihad.: hit expos
(20:00 / All) Jihad.: still haven't learned how to move peons red?
(20:05 / All) Jihad.: i can give you advice on the game
(20:06 / All) Jihad.: uninstall
(20:09 / All) Jihad.: and quit rts forever
(21:45 / Allies) rotten_teeth: we lost?
(21:52 / Allies) Jihad.: not yet buddy
(21:58 / Allies) Jihad.: I could make you three care
(21:59 / Allies) rotten_teeth: gold plz?
(22:02 / Allies) rotten_teeth: for rebuild?
(22:14 / Allies) rotten_teeth: fo it
(23:00 / Allies) rotten_teeth: plan now?
(23:46 / Allies) rotten_teeth: l;ol green
(23:49 / Allies) rotten_teeth: y?
(24:09 / Allies) Jihad.: Because I could make you care
(24:15 / Allies) rotten_teeth: nop
(24:17 / All) AllahsChosen: Pink is the greatest player I have ever played against
(24:17 / Allies) rotten_teeth: u lost
(24:21 / All) Jihad.: nope
(24:22 / Allies) rotten_teeth: just like all of us
(24:27 / All) Jihad.: I haven't lost yet buddy
(24:31 / All) Jihad.: You have though
(24:38 / All) Jihad.: The game was rigged from the start
(24:46 / All) FMLFTW: green lost it for us
(24:51 / All) Jihad.: Nope
(24:54 / All) AnneTheTool: agreed pink
(24:54 / Allies) rotten_teeth: agree
(24:54 / All) Jihad.: You not giving wood did
(24:57 / All) AnneTheTool: HAHAHA
(25:05 / All) AnneTheTool: HOW LOSER BLAME
(25:10 / All) AnneTheTool: U NOT GIVING ME WOOD
(25:11 / All) Jihad.: Purple, you realise that orange and teal are on my team? You can leave now.
(25:14 / All) PEE-WEE-HERMAN: standoff?
(25:17 / All) FMLFTW: hes bitched the entire game
(25:19 / All) PEE-WEE-HERMAN: all 8 players ar ehere
(25:22 / All) Jihad.: sick tp
(25:24 / All) PEE-WEE-HERMAN: OKAY LISTEN UP EVERYBODY
(25:26 / All) FMLFTW: fucking baby
(25:27 / All) AnneTheTool: glad my teammate good
(25:29 / All) Jihad.: only 7 players
(25:30 / All) Jihad.: great standoff
(25:35 / All) Jihad.: the positions have foretold
(25:38 / All) AnneTheTool: they win it for me!
(25:39 / All) Jihad.: the return of that game
(25:40 / All) AnneTheTool: <3
(25:42 / All) PEE-WEE-HERMAN: orange, green, and teal are all friends. You have been dragged along in this game
(25:49 / All) PEE-WEE-HERMAN: we're giving you all equal chance at victory
(25:56 / All) PEE-WEE-HERMAN: we do NOT care who wins
(26:03 / All) PEE-WEE-HERMAN: so we're gonna give you an opportunity to win
(26:13 / All) PEE-WEE-HERMAN: we will kill all units, including OUR own, and leave one building on each side,
(26:19 / All) PEE-WEE-HERMAN: person who leaves last, wins
(26:21 / All) Jihad.: best internet wins
(26:22 / All) Jihad.: sound fair?
(26:23 / All) FMLFTW: we woulda won if green didnt move his tanks all the way back to base
(26:28 / All) PEE-WEE-HERMAN: person with the best internet or computer wins
(26:41 / All) PEE-WEE-HERMAN: you still can win
(26:42 / All) PEE-WEE-HERMAN: pink
(26:46 / All) PEE-WEE-HERMAN: all of you can
(27:03 / All) PEE-WEE-HERMAN: that was teal and green i think
(28:20 / All) rotten_teeth: make yr move, bitch green
(28:35 / All) FMLFTW: hes not gonna do anything but kill my hero lol
(28:54 / All) Jihad.: nice try tping to my towers
(28:59 / All) Jihad.: I love when faggots like you do that
(29:01 / All) PEE-WEE-HERMAN: lawl
(29:10 / All) Jihad.: aww no standoff!
(29:12 / All) Jihad.: Purple gets the loss
(29:24 / All) PEE-WEE-HERMAN: our steam still here
(29:34 / All) Jihad.: Purple and red, how does it feel to get the loss after trying so hard and getting fucked sideways?
(29:41 / All) PEE-WEE-HERMAN: oh nvm
(30:13 / All) Jihad.: OUT
(30:15 / All) PEE-WEE-HERMAN: PLUG
(30:16 / All) PEE-WEE-HERMAN: PULLA
(30:20 / All) Jihad.: PULL THE PLUG
(30:22 / All) Jihad.: OUT WITH YOUR ROUTER
(30:33 / All) PEE-WEE-HERMAN: LAWL
(30:34 / All) Jihad.: sick tp staff lol
(30:35 / All) PEE-WEE-HERMAN: I CANT HIT U
(31:39 / All) AllahsChosen: Anne, you're a bit of a tool
(31:41 / All) AllahsChosen: no pun intended
(31:58 / All) AllahsChosen: ALLAHU ACKBAR!
(32:44 / All) AllahsChosen: Put this on your tumblr Purple
(32:45 / All) Jihad.: How does it feel, purple and red?
(33:10 / All) Jihad.: I gave you two opportunites to leave after pausing. Want a third?
(33:14 / All) Jihad.: Okay buddy!
(33:15 / All) Jihad.: SO FUCKING BAD
(33:16 / All) Jihad.: WE RAPED YOU
(33:17 / All) Jihad.: OUT
(33:24 / All) Jihad.: Time for you to get the loss ma'am.
(33:46 / All) PEE-WEE-HERMAN: according to assasins creed, "madam" in italian is pronounced madonna
(33:55 / All) AllahsChosen: You're a dumb fag
(33:59 / All) PEE-WEE-HERMAN: i am
(34:00 / All) Jihad.: That's bullshit
(34:03 / All) Jihad.: I know Italian pronunciations
(34:07 / All) Jihad.: since they're so similar to Latin ones